 Dungeon Crawl Stone Soup version 0.30-a0-422-g946f4849ff (webtiles) character file.

Game seed: 7416449932352025033

14487 cforsyth the Severer (level 12, -3/175 HPs)
             Began as a Hill Orc Monk on Dec 9, 2022.
             Was a High Priest of Beogh.
             Killed from afar by a red draconian (27 damage)
             ... with a searing blast
             ... in a volcano.
             The game lasted 00:35:54 (12299 turns).

cforsyth the Severer (Hill Orc Monk)               Turns: 12299, Time: 00:35:54

Health: -3/175     AC: 10    Str: 23    XL:     12   Next: 17%
Magic:  21/21      EV: 11    Int: 10    God:    Beogh [*****.]
Gold:   836        SH:  4    Dex: 13    Spells: 11/11 levels left

rFire   . . .      SeeInvis .    d - +3 broad axe of the Fortifying Penguin {venom, Drain rC+++ rN+ Str-2}
rCold   + + +      Faith    .    n - +0 buckler
rNeg    + + .      Spirit   .    v - +3 leather armour {rN+}
rPois   .          Reflect  .    (no helmet)
rElec   .          Harm     .    J - +0 cloak
rCorr   .          Rampage  .    (no gloves)
Will    .....                    D - +2 pair of boots
Stlth   ..........               m - amulet of regeneration
HPRegen 1.29/turn                l - ring of Agnosticism {Fly rC+}
MPRegen 0.17/turn                E - +6 ring of strength

@: berserking, flying, very quick
A: walk on water
a: Renounce Religion, Smiting, Recall Orcish Followers, Give Item to Named
Follower


You were in a volcano.
You worshipped Beogh.
Beogh was extremely pleased with you.
You visited 2 branches of the dungeon, and saw 12 of its levels.
You also visited: Bailey and Volcano.

You collected 836 gold pieces.

Inventory:

Hand Weapons
 d - the +3 broad axe of the Fortifying Penguin (weapon) {venom, Drain rC+++ rN+ Str-2}
   (You acquired it on level 7 of the Dungeon)

   It poisons the flesh of those it strikes.
   Str:       It affects your strength (-2).
   rC:        It renders you almost immune to cold.
   rN:        It protects you from negative energy.
   Drain:     It drains your maximum health when unequipped.
 f - a +1 dire flail of draining
 F - a +2 vorpal arbalest
Armour
 b - a +0 robe
 g - a +0 ring mail
 n - a +0 buckler (worn)
 v - a +3 leather armour of positive energy (worn)
 D - a +2 pair of boots (worn)
 J - a +0 cloak (worn)
Jewellery
 a - a +6 ring of intelligence
 k - an amulet of reflection
 l - the ring of Agnosticism (left hand) {Fly rC+}
   (You found it on level 4 of the Dungeon)

   [ring of flight]

   rC:        It protects you from cold.
   Fly:       It grants you flight.
 m - an amulet of regeneration (around neck)
 z - a ring of positive energy
 B - a ring of resist corrosion
 E - a +6 ring of strength (right hand)
 G - a ring of ice
Wands
 x - a wand of charming (1)
 A - a wand of iceblast (16)
Scrolls
 e - 3 scrolls of enchant armour
 i - a scroll of blinking
 s - 4 scrolls of identify
 t - a scroll of teleportation
 y - 2 scrolls of amnesia
 C - a scroll of enchant weapon
 K - a scroll of fear
 M - a scroll of silence {unknown}
Potions
 c - 2 potions of ambrosia
 j - 2 potions of lignification
 o - a potion of flight
 p - 2 potions of attraction
 q - a potion of brilliance
 r - 3 potions of mutation
 u - 3 potions of heal wounds
 w - 2 potions of curing
 I - 3 potions of might
 L - a potion of haste


   Skills:
 + Level 14.3 Fighting
 + Level 15.2 Axes
 - Level 2.4 Dodging
 - Level 1.5 Stealth
 - Level 2.0 Shields
 + Level 13.1 Invocations


You had 11 spell levels left.
You didn't know any spells.
Your spell library contained the following spells:

 Spells                   Type           Power      Damage    Failure   Level
 Kiss of Death            Conj/Necr      0%         2d5       52%         1
 Magic Dart               Conj           0%         1d3       52%         1
 Searing Ray              Conj           0%         2d4       65%         2
 Call Canine Familiar     Summ           0%         N/A       87%         3
 Confusing Touch          Hex            0%         N/A       87%         3
 Portal Projectile        Hex/Tloc       0%         N/A       87%         3
 Tukima's Dance           Hex            0%         N/A       87%         3
 Dispel Undead            Necr           0%         3d6       99%         4
 Fulminant Prism          Conj/Hex       0%         3d5       99%         4
 Leda's Liquefaction      Hex/Erth       0%         N/A       99%         4
 Blade Hands              Tmut           0%         N/A       100%        5
 Yara's Violent Unravell  Hex/Tmut       0%         3d3       100%        5
 Enfeeble                 Hex            0%         N/A       100%        7


Dungeon Overview and Level Annotations

Branches:
Dungeon (11/15)            Temple (0/1) D:4            Lair (1/5) D:11
    Orc (0/2) D:10         Bailey (visited)         Volcano (1/1)

Altars:
Cheibriados
Dithmenos
Fedhas
Kikubaaqudgha
Makhleb
Zin

Shops:
D:1 (:(   D:11 *!

Annotations:
D:8 6 transporters


Message History

The red draconian breathes fire at you. The searing blast misses you.
The red draconian hits you with a +0 halberd of flaming.
The red draconian burns you.
Unknown command.
A red film seems to cover your vision as you go berserk!
You feel yourself moving faster!
You feel mighty! The red draconian breathes fire at you.
The searing blast hits you!!
You slash the red draconian!
The red draconian is lightly wounded.
You are engulfed in blazing flames.
Unknown command.
You slice the red draconian!!
The red draconian looks as sick as possible!
The red draconian is heavily wounded.
You are engulfed in blazing flames.
You block the red draconian's attack.
Unknown command.
You slice the red draconian!!
The red draconian looks as sick as possible!
The red draconian is severely wounded.
You are engulfed in blazing flames.
* * * LOW HITPOINT WARNING * * *
The red draconian hits you with a +0 halberd of flaming.
* * * LOW HITPOINT WARNING * * *
The red draconian burns you.
* * * LOW HITPOINT WARNING * * *
You slash the red draconian!
The red draconian is almost dead.
You are engulfed in blazing flames.
* * * LOW HITPOINT WARNING * * *
Unknown command.
Unknown command.
You closely miss the red draconian.
The red draconian is almost dead.
You are engulfed in blazing flames.
* * * LOW HITPOINT WARNING * * *
The red draconian breathes fire at you. The searing blast hits you!!
You die...

≈≈§§≈§≈≈≈≈≈§.# #.# #..≈
≈≈≈§≈§§≈≈≈§§.# #.# #.≈≈
§≈≈§≈§≈≈§≈≈§.# #.# #.≈≈
≈§§§≈≈≈§≈≈≈§.######.#.#.######.≈≈
≈§≈≈§§§≈§§≈≈.#......#.#......#§≈§
§§≈≈≈≈§§§§≈≈.###++###'###++###§§§
§§≈≈≈≈§≈§§§..#....#..).)# #.≈§
≈§≈≈§§≈≈§≈§≈.#.∩d°#.8_8)# #.≈§
≈§≈≈§§≈≈≈≈≈≈.#..@.'.....+ #..§
≈≈§≈§§§≈≈§≈≈.#################.≈§
≈≈§≈§≈≈§≈§§≈§.........§.......≈§§
≈≈≈≈≈≈≈≈§§≈≈≈≈≈≈≈.≈≈§§§§≈§≈≈≈§≈§§
≈≈§≈≈≈§§≈≈≈≈≈≈§≈≈≈§.≈§≈≈≈≈§≈≈≈≈≈≈
§≈§≈≈§§≈≈≈≈§≈≈§≈§..≈§§§§≈≈§≈≈§§§§
§§§§§≈..≈≈§≈§≈≈..≈≈≈≈≈≈≈≈≈≈≈≈≈§§§
§≈§≈§.≈≈..§§≈§.≈§≈≈§≈≈≈≈≈≈≈≈≈§§≈§
§...≈≈≈≈≈≈.§.≈≈≈§≈≈≈≈≈≈§≈§≈≈≈§§§§


You could see a red draconian (extremely poisoned, catching breath).

Vanquished Creatures
  Josephine (D:10)
  A hydra (D:10)
  Erica (D:8)
  A centaur warrior (Volcano)
  Joseph (D:9)
  2 cane toads (Lair:1)
  An unseen horror (D:11)
  2 kobold demonologists
  Psyche (D:8)
  An efreet (D:8)
  A komodo dragon (Lair:1)
  A troll (D:9)
  2 hornets
  2 dream sheep (D:10)
  Sigmund (D:3)
  A shadow (D:10)
  2 wraiths (D:10)
  2 fire bats (Volcano)
  10 yaks
  A vampire mosquito (D:11)
  Edmund (D:4)
  A water moccasin (Lair:1)
  4 orc warriors
  2 ice beasts
  2 ogres (D:6)
  5 centaurs
  A phantom (D:4)
  13 kobold brigands
  7 bullfrogs
  5 necrophages (D:6)
  2 gnoll sergeants
  A wyvern zombie (D:6)
  A scorpion (D:4)
  7 wights
  5 killer bees (D:10)
  4 howler monkeys
  5 lava snakes (Volcano)
  A jelly (D:5)
  A hound (D:6)
  2 gnoll boudas
  6 orc priests
  An iguana (D:4)
  5 orc wizards
  14 gnolls
  4 adders
  2 shadow imps
  5 white imps
  2 ufetubi
  5 worms
  2 dart slugs
  19 orcs
  6 endoplasms
  3 giant cockroaches
  9 goblins
  3 hobgoblins
  6 jackals (D:4)
  A quokka (D:4)
  8 bats
  3 frilled lizards
  32 kobolds
  5 rats (D:1)
246 creatures vanquished.

Vanquished Creatures (collateral kills)
  An ugly thing (D:11)
  A cane toad (Lair:1)
  A kobold demonologist (D:10)
  5 yaks
  3 wraiths (D:10)
  A vampire mosquito (D:11)
  A centaur (D:9)
  2 kobold brigands (D:10)
  2 wights (D:9)
  A howler monkey (D:10)
  2 orc wizards (D:11)
  5 orcs
  8 kobolds
33 creatures vanquished.

Vanquished Creatures (others)
  An orc warrior (D:10)
  An orc priest (D:10)
  9 orcs
  5 bushes (D:6)
  A fungus (Lair:1)
  18 plants
  3 withered plants (D:4)
38 creatures vanquished.

Grand Total: 317 creatures vanquished

Notes
Turn   | Place    | Note
-------+----------+-------------------------------------------
     0 | D:1      | cforsyth the Hill Orc Monk began the quest for the Orb.
     0 | D:1      | Reached XP level 1. HP: 19/19 MP: 1/1
    28 | D:1      | Found Ipocoin's Weapon Emporium.
    36 | D:1      | Found Rukokeno's Book Shoppe.
   238 | D:1      | Reached XP level 2. HP: 24/27 MP: 2/2
   249 | D:1      | Found Loptixuh's Weapon Boutique.
   854 | D:2      | You fall into a shaft and drop 1 floor!
   921 | D:3      | Noticed Sigmund
   936 | D:4      | Reached XP level 3. HP: 28/34 MP: 3/3
   985 | D:4      | Identified the ring of Agnosticism {Fly rC+}
  1144 | D:3      | Reached skill level 5 in Axes
  1710 | D:2      | Reached skill level 1 in Shields
  1710 | D:2      | Reached XP level 4. HP: 32/41 MP: 4/4
  1948 | D:3      | Killed Sigmund
  1949 | D:3      | Reached skill level 6 in Axes
  1949 | D:3      | Reached XP level 5. HP: 12/50 MP: 5/5
  1949 | D:3      | Reached XP level 6. HP: 14/57 MP: 6/6
  2413 | D:3      | Found a burning altar of Makhleb.
  3644 | D:4      | Reached skill level 7 in Axes
  3663 | D:4      | Found a staircase to the Ecumenical Temple.
  3765 | D:4      | Found a snail-covered altar of Cheibriados.
  3765 | D:4      | Found a shadowy altar of Dithmenos.
  3784 | D:4      | Reached XP level 7. HP: 37/66 MP: 7/7
  3960 | D:4      | Found an ancient bone altar of Kikubaaqudgha.
  4062 | D:4      | Noticed Edmund
  4085 | D:4      | HP: 1/66 [Edmund/+0 dire flail of protection (16)]
  4088 | D:4      | Killed Edmund
  4489 | D:5      | Entered Level 5 of the Dungeon
  4654 | D:5      | Reached skill level 8 in Axes
  5072 | D:5      | Became a worshipper of Beogh the Brigand
  5072 | D:5      | Reached * piety under Beogh
  5072 | D:5      | Reached ** piety under Beogh
  5394 | D:6      | Reached skill level 1 in Invocations
  5770 | D:6      | Reached XP level 8. HP: 61/74 MP: 9/9
  6170 | D:6      | Reached skill level 9 in Axes
  6259 | D:6      | Found a blossoming altar of Fedhas.
  7045 | D:7      | Identified a scroll of acquirement
  7045 | D:7      | Acquired the +3 broad axe of the Fortifying Penguin {venom,
                  | Drain rC+++ rN+ Str-2}
  7227 | D:7      | Reached skill level 5 in Invocations
  7407 | D:7      | Reached XP level 9. HP: 80/84 MP: 12/12
  7710 | D:8      | Noticed an efreet
  7717 | D:8      | Killed an efreet
  7717 | D:8      | Noticed Psyche
  7718 | D:8      | Reached skill level 10 in Axes
  7762 | D:8      | Killed Psyche
  7763 | D:8      | Reached skill level 10 in Fighting
  7963 | D:8      | Found a transporter.
  7969 | D:8      | Found a transporter.
  8154 | D:8      | Noticed a hornet
  8162 | D:8      | Paralysed by a hornet for 1 turns
  8165 | D:8      | Killed a hornet
  8165 | D:8      | Reached *** piety under Beogh
  8166 | D:8      | Reached skill level 11 in Axes
  8277 | D:8      | Found a transporter.
  8286 | D:8      | Found a transporter.
  8400 | D:8      | Found a transporter.
  8400 | D:8      | Found a transporter.
  8516 | D:8      | Noticed Erica
  8529 | D:8      | Killed Erica
  8530 | D:8      | Reached XP level 10. HP: 43/95 MP: 14/16
  8846 | D:9      | Reached skill level 12 in Axes
  8996 | D:9      | Found a flagged portal.
  9005 | Bailey   | Entered a bailey
  9054 | Bailey   | Reached **** piety under Beogh
  9139 | Bailey   | Found a burning altar of Makhleb.
  9336 | D:9      | Noticed Joseph
  9347 | D:9      | Killed Joseph
  9348 | D:9      | Reached skill level 10 in Invocations
  9540 | D:9      | Paralysed by a hornet for 3 turns
  9548 | D:9      | Reached skill level 13 in Axes
  9968 | D:10     | Entered Level 10 of the Dungeon
 10010 | D:10     | Found a glowing silver altar of Zin.
 10023 | D:10     | Noticed Josephine
 10037 | D:10     | Killed Josephine
 10038 | D:10     | Reached XP level 11. HP: 79/105 MP: 17/19
 10340 | D:10     | Found a staircase to the Orcish Mines.
 10467 | D:10     | Reached ***** piety under Beogh
 10512 | D:10     | Reached skill level 14 in Axes
 10543 | D:10     | Noticed a two-headed hydra
 10549 | D:10     | Killed a seven-headed hydra
 10897 | D:11     | Noticed a cyan ugly thing
 10902 | D:11     | Killed a cyan ugly thing
 11070 | D:11     | Gained Gorm as an ally
 11105 | D:11     | Found Hedos's Fire Supplies.
 11351 | D:11     | Found Meysoecs's Distillery.
 11533 | D:11     | Found a staircase to the Lair.
 11538 | Lair:1   | Entered Level 1 of the Lair of Beasts
 11786 | Lair:1   | Reached XP level 12. HP: 72/117 MP: 21/21
 11827 | Lair:1   | Reached skill level 15 in Axes
 11860 | Lair:1   | Found a dark tunnel.
 11868 | Volcano  | Entered a volcano
 12243 | Volcano  | Found a radiant altar of Vehumet.
 12243 | Volcano  | Noticed a centaur warrior
 12252 | Volcano  | Killed a centaur warrior
 12286 | Volcano  | Noticed a red draconian
 12299 | Volcano  | Killed from afar by a red draconian

Illustrated notes

Levels and vault maps discovered:
D:1:      scummos_arrival_simple_fountains, layout_basic, serial_shops,
          nicolae_shop_bloodbath_and_beyond, nicolae_shop_window_shopping, shop,
          minmay_misc_feat_tiny
D:2:      layout_rooms
D:3:      layout_basic, mainiacjoe_overflow_alcove_2, interstate_on_off,
          nicolae_wormholes, uniq_sigmund
D:4:      layout_gridville, gammafunk_temple_overflow_pools,
          kiku_gazebo_garden_becter, minmay_temple_entry_statues_fountains,
          uniq_edmund
D:5:      layout_basic
D:6:      layout_basic, fedhas_altar_decomposition, serial_bayou_crossing
D:7:      layout_cave_pools
D:8:      layout_basic, serial_nicolae_subway, nicolae_sub_station_metal,
          nicolae_sub_station_crystal, nicolae_sub_station_stone, uniq_erica,
          uniq_psyche
D:9:      layout_stronghold, enter_bailey_3, nicolae_eternal_life, uniq_joseph
D:10:     layout_roguey, mainiacjoe_overflow_brackets, hiddenorc2_lemuel,
          minivault_22, hangedman_ranch, uniq_josephine
D:11:     layout_roguey, lair_entry_dummy, serial_shops, shop,
          nicolae_shop_fire_sale [nicolae_sub_dead_trees],
          minmay_misc_feat_cross
Lair:1:   layout_big_grid, lightli_volcano_entry_magma_tube,
          dreamdust_gnoll_shepherd, lemuel_fruit_tree, grunt_megastairs_5
Volcano:  volcano_lake [vl_original]

Skill      XL: |  1  2  3  4  5  6  7  8  9 10 11 12 |
---------------+-------------------------------------+-----
Fighting       | 4 6 7 8 9 11 12 14 | 14.3
Axes           | 5 6 7 8 9 11 13 14 15 | 15.2
Shields        | 1 2 |  2.0
Invocations    | 1 5 8 10 12 13 | 13.1
Dodging        | |  2.4
Stealth        | |  1.5

Action                   |  1- 3 |  4- 6 |  7- 9 | 10-12 || total
-------------------------+-------+-------+-------+-------++-------
Melee: Hand axe          |   126 |   154 |   292 |       ||   572
       Punch             |     3 |       |       |       ||     3
       Broad axe         |       |       |    91 |   310 ||   401
Invok: Convert to Beogh  |       |       |     1 |       ||     1
       Recall Orcish Fol |       |       |       |     1 ||     1
  Use: Potion            |       |     4 |     1 |     2 ||     7
       Scroll            |       |     1 |    17 |     5 ||    23
 Stab: Sleeping          |     2 |       |     1 |     1 ||     4
       Invisible         |       |       |       |     3 ||     3
       Distracted        |       |       |       |     2 ||     2
       Confused          |       |       |       |     1 ||     1
Armor: Robe              |     2 |       |       |       ||     2
       Ring mail         |    33 |    42 |     1 |       ||    76
       Skin              |       |     9 |       |       ||     9
       Leather armour    |       |       |   109 |   128 ||   237
Dodge: Dodged            |    73 |    53 |   159 |   162 ||   447
Block: Buckler           |     7 |    25 |    69 |    62 ||   163

Table legend: (Time is in decaauts)
 A = Elapsed time spent in this place.
 B = Non-inter-level travel time spent in this place.
 C = Inter-level travel time spent in this place.
 D = Time resting spent in this place.
 E = Time spent auto-exploring this place.
 F = Levels seen in this place.
 G = Mean time per level.
                   A        B        C        D        E       F      G
               +--------+--------+--------+--------+--------+-----+--------+
         Total |  12324 |  12022 |    302 |   1261 |   7771 |  14 |  880.3 |
       Dungeon |  11328 |  11026 |    302 |   1236 |   7377 |  11 | 1029.8 |
          Lair |    326 |    326 |      0 |      0 |    164 |   1 |  326.0 |
        Bailey |    243 |    243 |      0 |      0 |    106 |   1 |  243.0 |
       Volcano |    425 |    425 |      0 |     25 |    124 |   1 |  425.0 |
               +--------+--------+--------+--------+--------+-----+--------+

Top non-repeatable levels by time:
     D:3: 2000 daAuts
     D:6: 1705 daAuts
     D:4: 1247 daAuts
     D:9: 1021 daAuts
    D:10: 910 daAuts
     D:8: 876 daAuts
     D:7: 831 daAuts
     D:5: 822 daAuts
     D:1: 763 daAuts
    D:11: 661 daAuts
     D:2: 487 daAuts
 Volcano: 425 daAuts
  Lair:1: 326 daAuts
  Bailey: 243 daAuts
